Map: Dusk Towers

Players

Mickial - Winner!

  • Race: Protoss Protoss
  • League: Platinum

LilDicky

  • Race: Terran Terran
  • League: Diamond

VOD

http://www.twitch.tv/tumescentpie

Description

Time

  • Played on: Nov. 24, 2015, 2:27 p.m.
  • Length: 8:35
Show
View Real Time Build Order
Export as new Build Order

Mickial Protoss - Winner!

Build Orders:  

Get SALT Encoding   

  12  0:01  Probe (Chrono Boost)  
  13  0:14  Pylon  
  13  0:18  Probe (Chrono Boost)  
  14  0:29  Probe (Chrono Boost)  
  14  0:35  Gateway  
  15  0:40  Probe (Chrono Boost)  
  16  0:45  Assimilator  
  16  0:50  Probe (Chrono Boost)  
  16  0:57  Pylon  
  17  1:01  Probe (Chrono Boost)  
  19  1:11  Probe (Chrono Boost)  
  19  1:22  Probe (Chrono Boost)  
  19  1:23  Cybernetics Core  
  20  1:32  Probe (Chrono Boost)  
  21  1:43  Probe (Chrono Boost)  
  22  1:50  Nexus  
  22  1:58  Assimilator  
  22  1:59  Probe (Chrono Boost)  
  23  2:04  Adept  
  25  2:14  Mothership Core (Chrono Boost)  
  27  2:16  Warp Gate  
  26  2:32  Probe (Chrono Boost)  
  27  2:42  Forge  
  27  2:43  Probe (Chrono Boost)  
  28  2:54  Probe (Chrono Boost)  
  29  2:59  Pylon  
  29  3:01  Adept  
  29  3:04  Probe (Chrono Boost)  
  32  3:06  Probe (Chrono Boost)  
  33  3:15  Probe (Chrono Boost), Photon Cannon  
  33  3:19  Photon Cannon  
  34  3:20  Probe (Chrono Boost)  
  34  3:25  Probe (Chrono Boost)  
  36  3:31  Probe (Chrono Boost)  
  37  3:36  Probe (Chrono Boost)  
  38  3:41  Probe (Chrono Boost)  
  38  3:46  Probe (Chrono Boost)  
  40  3:51  Robotics Facility  
  40  3:52  Probe (Chrono Boost)  
  40  3:54  Protoss Ground Armor Level 1  
  41  3:57  Probe (Chrono Boost)  
  43  4:02  Probe (Chrono Boost)  
  43  4:03  Pylon  
  43  4:11  Probe (Chrono Boost)  
  43  4:13  Probe (Chrono Boost)  
  45  4:19  Gateway  
  45  4:20  Gateway  
  45  4:22  Twilight Council  
  46  4:24  Probe (Chrono Boost)  
  46  4:28  Assimilator  
  46  4:31  Probe (Chrono Boost)  
  47  4:32  Assimilator  
  47  4:35  Adept  
  47  4:37  Probe (Chrono Boost)  
  50  4:41  Probe (Chrono Boost), Observer  
  52  4:48  Probe (Chrono Boost)  
  52  4:51  Probe (Chrono Boost)  
  54  4:59  Probe (Chrono Boost), Resonating Glaives (Chrono Boost)  
  55  5:03  Observer (Chrono Boost)  
  56  5:09  Gateway  
  56  5:11  Gateway  
  56  5:14  Gateway  
  56  5:18  Pylon  
  56  5:21  Warp Prism  
  56  5:26  Adept x2  
  60  5:45  Adept, Pylon  
  60  5:47  Pylon  
  62  5:50  Photon Cannon  
  62  5:56  Adept x2  
  62  5:57  Immortal (Chrono Boost)  
  62  6:06  Adept  
  64  6:12  Adept x3  
  64  6:18  Mothership Core  
  66  6:19  Adept  
  66  6:21  Adept  
  45  6:41  Zealot x4  
  45  6:42  Zealot  
  45  6:43  Probe  
  45  6:44  Probe  
  49  6:51  Immortal  
  49  6:53  Probe  
  47  6:56  Probe  
  47  6:58  Adept  
  49  7:04  Probe  
  48  7:09  Probe  
  48  7:10  Adept  
  48  7:11  Adept  
  48  7:15  Probe  
  51  7:21  Probe  
  53  7:23  Pylon  
  53  7:25  Probe  
  54  7:40  Probe  
  54  7:41  Probe, Pylon x2  
  56  7:46  Adept x3  
  60  7:53  Probe  
  60  7:54  Adept  
  59  8:06  Adept x2  
  59  8:07  Adept x2  
  67  8:14  Probe  
  67  8:15  Probe  
  69  8:26  Stalker  
  69  8:27  Stalker x2  
Show
View Real Time Build Order
Export as new Build Order

LilDicky Terran 

Build Orders: MMM Bio 

Get SALT Encoding   

  12  0:03  SCV  
  13  0:15  SCV  
  14  0:27  SCV  
  15  0:30  Supply Depot, Refinery  
  15  0:51  SCV  
  15  0:54  Barracks  
  16  1:03  SCV  
  17  1:20  SCV  
  18  1:32  SCV  
  19  1:42  Factory  
  19  1:43  Marine  
  19  1:45  Orbital Command  
  19  1:46  Supply Depot  
  20  2:01  Marine  
  21  2:12  SCV  
  21  2:13  Barracks  
  22  2:16  Barracks  
  22  2:28  SCV  
  23  2:32  Refinery  
  23  2:33  Barracks Reactor  
  23  2:43  SCV  
  23  2:50  Widow Mine  
  25  2:55  SCV  
  26  3:02  Supply Depot  
  26  3:04  Barracks Tech Lab  
  26  3:05  Barracks Tech Lab  
  26  3:09  SCV  
  27  3:14  Marine x2  
  29  3:20  Widow Mine  
  29  3:26  SCV  
  30  3:29  Supply Depot  
  30  3:30  Combat Shields, Stimpack  
  30  3:31  Marine x2  
  30  3:32  Marine x2  
  34  3:45  SCV  
  35  3:49  Marine  
  35  3:50  Marine, Marauder  
  37  3:59  SCV  
  37  4:00  Marine  
  39  4:06  Supply Depot  
  39  4:07  Marine, Marauder  
  42  4:11  Marauder  
  44  4:18  Starport  
  44  4:19  SCV  
  45  4:29  Marauder, Marine x2  
  49  4:32  Marauder  
  49  4:33  SCV  
  52  4:38  Supply Depot  
  54  4:45  SCV  
  54  4:47  Marine  
  54  4:56  Marine  
  55  5:00  Marauder x2, Medivac  
  55  5:03  Supply Depot  
  61  5:07  Marine  
  62  5:16  Supply Depot, Marine  
  62  5:20  Concussive Shells  
  63  5:24  Marine x2  
  63  5:25  Marauder  
  67  5:40  Marine  
  67  5:42  Marine, Medivac  
  70  5:43  Marauder  
  70  5:46  Widow Mine  
  72  6:28  Marine x2  
  52  6:47  Marine x2  
  52  6:48  Marauder  
  54  7:02  Marine  
  54  7:05  Marine  
  55  7:09  Marauder  
  57  7:21  Marauder  
  56  7:24  Starport Tech Lab  
  54  7:32  Barracks  
  54  7:34  Barracks  
  54  7:35  Command Center  
  52  7:40  Marine x2  
  52  7:42  Banshee  
  55  7:54  Marine x2  
  51  8:03  Marine x2  
  41  8:05  SCV  
  34  8:13  Marauder x2  
Tags
 
Add a new tag
Caveats
  • Supply blocks, unpowered buildings, or Contaminate may cause inaccurate times.
  • Supply counts are checked every 10 seconds.